 Dungeon Crawl Stone Soup version 0.31.0-9-g3a7656b989 (webtiles) character file.

Game seed: 8356485905270062223

56 NamelessAdventurer the Ruffian (level 3, -5/16 HPs)
             Began as a Human Shapeshifter on Jan 25, 2024.
             Slain by Sigmund
             ... wielding a +2 heavy scythe
              (19 damage)
             ... on level 3 of the Dungeon.
             The game lasted 00:03:40 (1042 turns).

NamelessAdventurer the Ruffian (Human Shapeshifter) Turns: 1042, Time: 00:03:42

Health: -5/16      AC:  0    Str: 14    XL:     3   Next: 97%
Magic:  3/3        EV: 16    Int: 12    God:
Gold:   74         SH:  0    Dex: 12    Spells: 0/2 levels left

rFire   . .          .
                       - Unarmed
rCold   . . .        (shield currently unavailable)
rNeg    . . .        a - melded +0 animal skin
rPois   +            (no helmet)
rElec   .            (no cloak)
rCorr   .            (no gloves)
SInv    .            (no boots)
Will    +....        (no amulet)
Stlth   +            g - ring of willpower
HPRegen 0.22/turn    k - ring of poison resistance
MPRegen 0.08/turn

%: no passive effects
@: flux-form, glowing
A: glow, contaminating, reduced hp, explore regen
a: Begin Untransformation


You were on level 3 of the Dungeon.
You were something dangerously unstable.
You visited 1 branch of the dungeon, and saw 3 of its levels.

You collected 74 gold pieces.

Inventory:

Armour
 a - a +0 animal skin (melded)
Jewellery
 g - a ring of willpower (left hand)
 k - a ring of poison resistance (right hand)
 o - a ring of fire
Talismans
 c - a beast talisman
 d - a flux talisman (active)
Scrolls
 j - a scroll of blinking
Potions
 b - a potion of lignification
 e - a potion of might {unknown}
 f - a potion of degeneration {unknown}
 i - 2 potions of invisibility {unknown}
 l - a potion of magic {unknown}
 m - a potion of brilliance {unknown}
 n - a potion of heal wounds {unknown}


   Skills:
 * Level 1.4 Fighting
 * Level 0.4 Armour
 * Level 2.3 Dodging
 * Level 0.6 Stealth
 * Level 3.5 Unarmed Combat
 * Level 0.2 Spellcasting
 * Level 0.2 Summonings
 * Level 3.4 Shapeshifting


You couldn't memorise any spells.
You knew the following spells:

 Your Spells              Type           Power      Damage    Failure   Level
a - Call Imp              Summ           0%         N/A       41%         2

Your spell library contained the following spells:

 Spells                   Type           Power      Damage    Failure   Level
 Sublimation of Blood     Necr           0%         N/A       45%         2
 Summon Hydra             Summ           0%         N/A       100%        7


Dungeon Overview and Level Annotations

Branches:
Dungeon (3/15)

Altars:

Annotations:
D:3 Sigmund


Innate Abilities, Weirdness & Mutations

You are something dangerously unstable.
You glow with magical radiation, making you easy to see and hit.
Foes you strike become dangerously contaminated with magical radiation.
Your maximum health is decreased, since you lack skill for your form.
You are incapable of wielding weapons or throwing items.
You regain HP and MP as you explore.


Message History

You hit the adder.
The adder shudders as magic cascades through it!
You kill the adder!
You see here an adder corpse.
Found an escape hatch in the floor.
There is an escape hatch in the floor here.
Sigmund the Dreaded comes into view.
He is wielding a +2 heavy scythe.
Sigmund shouts!
Sigmund moves out of view.
Found a stone staircase leading up.
It was a potion of curing.
You feel better. Sigmund barely misses you.
A dart slug comes into view.
You barely miss Sigmund. You hit Sigmund.
Sigmund begins to glow.
Sigmund is lightly wounded.
Sigmund gestures at you while chanting. You resist with almost no effort.
You hit Sigmund but do no damage.
Sigmund glows dangerously bright.
Sigmund is lightly wounded.
Sigmund hits you with a +2 heavy scythe!
Ouch! That really hurt!
* * * LOW HITPOINT WARNING * * *
You hit Sigmund.
Sigmund shudders as magic cascades through him.
Sigmund twists and deforms.
Sigmund is moderately wounded.
The dart slug barely misses you.
You closely miss Sigmund.
Sigmund is moderately wounded.
Sigmund gestures at you while chanting. You resist with almost no effort.
You feel better. The dart slug launches a dart at you.
The slug dart misses you. Sigmund looks at you with fury.
Sigmund hits you with a +2 heavy scythe!!
Ouch! That really hurt!
You die...
Sigmund begins carving another notch in his scythe.

#.###....#
#.#
#.##.....
#.# #.#
#.## #.#
#.# # #.#
#.# # #.
#># .#
#.###.##..
##.#w.<...#
#..p@....#
#.##.#.###
... .#
#.### ## ♣.
♣


You could see Sigmund (misshapen) and a dart slug.

Vanquished Creatures
  2 adders
  2 dart slugs (D:1)
  A ball python (D:2)
  3 endoplasms (D:2)
  2 giant cockroaches
  7 goblins (D:2)
  5 hobgoblins (D:2)
  A kobold (D:1)
  A quokka (D:2)
  2 bats
  3 frilled lizards
  2 rats (D:2)
31 creatures vanquished.

Notes
Turn   | Place    | Note
-------+----------+-------------------------------------------
     0 | D:1      | NamelessAdventurer the Human Shapeshifter began the quest
                  | for the Orb.
     0 | D:1      | Reached XP level 1. HP: 15/15 MP: 1/1
   103 | D:1      | Reached XP level 2. HP: 14/21 MP: 2/2
   508 | D:2      | Reached XP level 3. HP: 8/26 MP: 3/3
   511 | D:2      | Learned a level 2 spell: Call Imp
  1033 | D:3      | Noticed Sigmund
  1042 | D:3      | Slain by Sigmund

Illustrated notes

Levels and vault maps discovered:
D:1:      dpeg_arrival_arbitrary_b, layout_rooms
D:2:      layout_loops_ring, minmay_goblin_outpost
D:3:      layout_rooms, nicolae_uskayaw_dance_hall, serial_forest,
          infiniplex_forest_zigzag_1, infiniplex_forest_straight_1,
          infiniplex_forest_clump_diagonal, infiniplex_forest_straight_2,
          infiniplex_forest_end_1, infiniplex_forest_clump_curved,
          infiniplex_forest_straight_3, serial_shops, shop, uniq_sigmund

Action                     || total
---------------------------++-------
  Melee: Unarmed           ||   109
    Use: Scroll            ||     3
         Potion            ||     2
 Armour: Animal skin       ||    47
         Skin              ||    20
  Dodge: Dodged            ||    73
   Form: Flux              ||     1
